 Dungeon Crawl Stone Soup version 0.29.1-12-g30fa7ad0bf (webtiles) character file.

Game seed: 6082122146842468943

354 venomsnake the Conjurer (level 6, -3/32 HPs)
             Began as a Deep Elf Conjurer on Dec 26, 2022.
             Shot with an arrow by a centaur (9 damage)
             ... on level 4 of the Dungeon.
             The game lasted 00:13:06 (4215 turns).

venomsnake the Conjurer (Deep Elf Conjurer)         Turns: 4215, Time: 00:13:07

Health: -3/32      AC:  5    Str:  4    XL:     6   Next: 35%
Magic:  12/16      EV: 12    Int: 25    God:
Gold:   207        SH:  0    Dex: 13    Spells: 13/16 levels left

rFire   . . .      SeeInvis .   j - +0 whip
rCold   . . .      Faith    .   (no shield)
rNeg    . . .      Spirit   .   a - +0 robe
rPois   .          Reflect  .   q - +1 hat
rElec   .          Harm     .   g - +0 cloak
rCorr   .          Rampage  .   (no gloves)
Will    .....                   s - +0 pair of boots
Stlth   ++........              (no amulet)
HPRegen 0.10/turn               (no ring)
MPRegen 0.15/turn               (no ring)

@: no status effects
A: no striking features
a: no special abilities


You were on level 4 of the Dungeon.
You visited 1 branch of the dungeon, and saw 4 of its levels.

You collected 207 gold pieces.

Inventory:

Hand Weapons
 j - a +0 whip (weapon)
Armour
 a - a +0 robe (worn)
 g - a +0 cloak (worn)
 q - a +1 hat (worn)
 s - a +0 pair of boots (worn)
Wands
 v - a wand of charming (9)
Scrolls
 d - a scroll of blinking {unknown}
 h - 3 scrolls of noise {unknown}
 l - 4 scrolls of teleportation {unknown}
 m - a scroll of poison
 n - a scroll of magic mapping
 o - a scroll of acquirement {unknown}
 t - a scroll of identify {unknown}
 u - a scroll of butterflies {unknown}
 w - a scroll of enchant armour {unknown}
Potions
 b - a potion of magic
 c - 3 potions of lignification {unknown}
 e - 3 potions of heal wounds {unknown}
 f - 2 potions of curing {unknown}
 i - a potion of ambrosia {unknown}
 k - 3 potions of flight {unknown}
 p - a potion of berserk rage {unknown}
 r - 2 potions of cancellation {unknown}
 x - 2 potions of mutation {unknown}


   Skills:
 - Level 2.4 Dodging
 - Level 2.4 Stealth
 + Level 5.7 Spellcasting
 + Level 6.0 Conjurations
 + Level 3.9 Translocations


You had 13 spell levels left.
You knew the following spells:

 Your Spells              Type           Power      Damage    Failure   Level
a - Magic Dart            Conj           100%       1d8       1%          1
b - Searing Ray           Conj           74%        2d7       1%          2

Your spell library contained the following spells:

 Spells                   Type           Power      Damage    Failure   Level
 Shock                    Conj/Air       88%        1d8       2%          1
 Dazzling Flash           Conj/Hex       44%        N/A       7%          3
 Iskenderun's Mystic Bla  Conj/Tloc      32%        2d8       10%         4
 Swiftness                Air            7%         N/A       22%         3
 Fulminant Prism          Conj/Hex       11%        3d9       22%         4
 Airstrike                Air            3%         2d(1-17)  58%         4


Dungeon Overview and Level Annotations

Branches:
Dungeon (4/15)
 Temple: D:4-7

Altars:

Shops:
D:1 *   D:2 [   D:3 =

Annotations:
D:4 Grinder


Message History

The giant cockroach waves its antennae.
You can't see any susceptible monsters within range! (Use Z to cast anyway.)
A giant cockroach is nearby!
The magic dart hits the giant cockroach.
The giant cockroach is heavily wounded.
The magic dart hits the giant cockroach!
You kill the giant cockroach!
Magic restored.
Found an escape hatch in the ceiling.
Found a stone staircase leading up.
h - 3 scrolls labelled RUPTIO DOVVUIV (gained 1)
A centaur comes into view. It is wielding a +0 club.
The magic dart hits the centaur but does no damage.
The centaur shouts!
The centaur unwields a +0 club.
The centaur wields a +0 shortbow.
The centaur shoots an arrow.
The arrow hits you!
The magic dart hits the centaur.
The centaur is lightly wounded.
The centaur shoots an arrow.
The arrow hits you.
The centaur shoots an arrow.
The arrow hits you!
You are too injured to fight recklessly!
You are too injured to fight recklessly!
You are too injured to fight recklessly!
Casting: Magic Dart (safe; 1% risk of failure)
Confirm with . or Enter, or press ? or * to list all spells.
Aiming: Magic Dart (safe; 1% risk of failure)
Press: ? - help, Shift-Dir - straight line, f/p - centaur
Aim: a centaur, wielding a +0 shortbow (lightly wounded, 100% to hit)
The magic dart hits the centaur.
The centaur is moderately wounded.
The centaur shoots an arrow.
The arrow hits you!
* * * LOW HITPOINT WARNING * * *
Casting: Magic Dart (safe; 1% risk of failure)
Confirm with . or Enter, or press ? or * to list all spells.
Aiming: Magic Dart (safe; 1% risk of failure)
Press: ? - help, Shift-Dir - straight line, f/p - centaur
Aim: a centaur, wielding a +0 shortbow (moderately wounded, 100% to hit)
The magic dart hits the centaur.
The centaur is moderately wounded.
The centaur shoots an arrow.
The arrow hits you!
You die...

#.....# #.....# #####
##..##. #...# ##...##.
#...# ##..#.##. #...#
#..##.##. ##...#
##.###.... ##....#
#..##...#.
##@....###.###.#.#.
.###..#.###...# #.#.#.
<.......#...### #...#.
..#<.#....### #..##.
#....##...#### ##>.###
..............# ##.§.#
#
..#c.#.####.###...####
##....#.# #....†......
.#. .. ##.§.#.#####


You could see a centaur.

Vanquished Creatures
  A yak (D:4)
  A hound (D:4)
  A jelly (D:4)
  A gnoll (D:1)
  7 adders
  An ufetubus (D:3)
  2 worms
  4 endoplasms
  3 giant cockroaches
  4 goblins
  5 hobgoblins
  9 jackals
  5 quokkas
  7 ball pythons
  5 bats
  4 frilled lizards
  9 kobolds
  5 rats
74 creatures vanquished.

Vanquished Creatures (others)
  4 plants (D:4)
4 creatures vanquished.

Grand Total: 78 creatures vanquished

Notes
Turn   | Place    | Note
-------+----------+-------------------------------------------
     0 | D:1      | venomsnake the Deep Elf Conjurer began the quest for the
                  | Orb.
     0 | D:1      | Reached XP level 1. HP: 10/10 MP: 6/6
    88 | D:1      | Found Viafoidu's Assorted Antiques.
   254 | D:1      | Reached XP level 2. HP: 15/15 MP: 1/8
   316 | D:1      | Learned a level 2 spell: Searing Ray
   376 | D:1      | Reached skill level 1 in Translocations
   688 | D:1      | Reached XP level 3. HP: 18/19 MP: 3/10
  1409 | D:2      | Found Fuwy's Armour Boutique.
  1443 | D:2      | Reached skill level 5 in Conjurations
  1521 | D:2      | Reached XP level 4. HP: 24/24 MP: 9/12
  2447 | D:3      | Found Gov Vium's Jewellery Shoppe.
  2708 | D:3      | Found a faded altar of an unknown god.
  3118 | D:4      | Reached XP level 5. HP: 28/28 MP: 10/14
  3218 | D:4      | Noticed a phantom
  3539 | D:4      | Noticed a yak
  3584 | D:4      | Reached skill level 5 in Spellcasting
  3616 | D:4      | Noticed Grinder
  3881 | D:4      | Killed a yak
  3882 | D:4      | Reached skill level 6 in Conjurations
  3882 | D:4      | Reached XP level 6. HP: 4/32 MP: 0/16
  4215 | D:4      | Shot with an arrow by a centaur

Illustrated notes

Levels and vault maps discovered:
D:1:      doesnt_arrival_eight_statues, layout_basic, serial_shops,
          nicolae_diamond_shop, minmay_box_of_dots
D:2:      layout_loops_ring, serial_shops, shop, chequers_mini_garden,
          minivault_5, chequers_garden
D:3:      layout_loops_ring, ebering_ecumenical_altar_sacrificial, serial_shops,
          shop, kennysheep_generic_room_14
D:4:      layout_rooms, serial_bayou_pond_b, uniq_grinder

Skill      XL: |  1  2  3  4  5 |
---------------+----------------+-----
Translocations | 1 2 3 |  3.9
Spellcasting   | 4 5 |  5.7
Conjurations   | 5 6 |  6.0
Dodging        | |  2.4
Stealth        | |  2.4

Action                   |  1- 3 |  4- 6 || total
-------------------------+-------+-------++-------
Melee: Whip              |       |     8 ||     8
 Cast: Magic Dart        |    67 |    77 ||   144
       Searing Ray       |    10 |    23 ||    33
  Use: Scroll            |       |     2 ||     2
Armor: Robe              |     3 |    15 ||    18
Dodge: Dodged            |    30 |    42 ||    72
